 Dungeon Crawl Stone Soup version 0.19.0-2-gae57169 (webtiles) character file.

148 Gingerlord the Cudgeler (level 5, 0/32 HPs)
             Began as a Gargoyle Gladiator on Nov 5, 2016.
             Slain by Melum's ghost (5 damage)
             ... on level 3 of the Dungeon.
             The game lasted 00:04:01 (1741 turns).

Gingerlord the Cudgeler (Gargoyle Gladiator)        Turns: 1741, Time: 00:04:02

Health: 0/32       AC: 10    Str: 19    XL:     5   Next: 30%
Magic:  5/5        EV: 12    Int:  8    God:
Gold:   244        SH:  0    Dex: 11    Spells: 0 memorised, 4 levels left

rFire  . . .     SeeInvis .     a - +0 flail
rCold  . . .     Gourm    .     o - +0 ring mail
rNeg   + . .     Faith    .     (no shield)
rPois  ∞         Spirit   .     c - +0 helmet
rElec  +         Reflect  .     (no cloak)
rCorr  +         Harm     .     (no gloves)
MR     .....                    (no boots)
Stlth  +.........               (no amulet)
                                (no ring)
                                i - ring of resist corrosion

@: no status effects
A: negative energy resistance 1, electricity resistance, unbreathing,
petrification resistance, rot immunity, AC +4
a: no special abilities


You were on level 3 of the Dungeon.
You were not hungry.

You visited 1 branch of the dungeon, and saw 3 of its levels.

You collected 244 gold pieces.

Inventory:

Hand Weapons
 a - a +0 flail (weapon)
Missiles
 d - 3 throwing nets (quivered)
Armour
 c - a +0 helmet (worn)
 o - a +0 ring mail (worn)
Jewellery
 i - a ring of resist corrosion (left hand)
Scrolls
 j - 2 scrolls of fear
Potions
 h - a potion of resistance {unknown}
 m - 2 potions of curing {unknown}
 n - a potion of lignification {unknown}
Comestibles
 f - 2 bread rations
 g - 2 meat rations


   Skills:
 + Level 3.6 Fighting
 + Level 3.7 Maces & Flails
 - Level 1.7 Throwing
 + Level 2.2 Armour
 + Level 3.2 Dodging


You had 4 spell levels left.
You didn't know any spells.

Dungeon Overview and Level Annotations

Branches:
Dungeon (3/15)

Altars:

Annotations:
D:3 Melum's ghost, amateur DsWz


Innate Abilities, Weirdness & Mutations

You are resistant to torment.
Your stone body is resilient. (AC +4)
You are immune to poison.
You resist negative energy. (rN+)
You are resistant to electric shocks. (rElec)
You can survive without breathing.
You are immune to petrification.
You are immune to rotting.


Message History

Melum's ghost blinks!
You hit the kobold.
You kill the kobold!
The hobgoblin hits you but does no damage.
You hit the hobgoblin.
The hobgoblin is moderately wounded.
The hobgoblin barely misses you.
You closely miss the hobgoblin.
The hobgoblin is moderately wounded.
The hobgoblin closely misses you.
You closely miss the hobgoblin.
The hobgoblin is moderately wounded.
Melum's ghost gestures at you while chanting.
The magic dart hits you!
* * * LOW HITPOINT WARNING * * *
The hobgoblin barely misses you.
You hit the hobgoblin.
You kill the hobgoblin!
Melum's ghost hits you.
You die...

....).##.#... .....(...#.# . .
....†##†...# . .# ........(..#
.##.##..# ....###.#..###
.#...#..#
....###......#####..# ...#
...............##..# #..#
....####.......##..##
##..##### ...
...........K@W..# #.......##
#..........###..###........##
.............................#
............#....÷.<.........#
#......(.............)<......#
.....#######................#
..#########................#
.......................#
#########.............##


You could see Melum's ghost and a kobold.

Vanquished Creatures
  A hound (D:2)
  A gnoll (D:2)
  4 adders
  3 worms (D:2)
  A dart slug (D:2)
  An orc (D:3)
  4 giant cockroaches
  5 goblins
  11 hobgoblins
  10 kobolds
  A quokka (D:2)
  2 ball pythons (D:2)
  8 bats
  3 frilled lizards (D:2)
  4 rats
  A fungus (D:1)
60 creatures vanquished.

Vanquished Creatures (others)
  A rat (D:1)
1 creature vanquished.

Grand Total: 61 creatures vanquished

Notes
Turn   | Place    | Note
-------+----------+-------------------------------------------
     0 | D:1      | Gingerlord the Gargoyle Gladiator began the quest for the Orb.
     0 | D:1      | Reached XP level 1. HP: 12/12 MP: 1/1
   342 | D:1      | Reached XP level 2. HP: 18/18 MP: 2/2
   543 | D:1      | Reached skill level 1 in Armour
   924 | D:2      | Reached XP level 3. HP: 20/22 MP: 3/3
  1430 | D:2      | Reached XP level 4. HP: 28/28 MP: 4/4
  1671 | D:3      | Reached XP level 5. HP: 26/32 MP: 5/5
  1702 | D:3      | Noticed Melum's ghost (amateur DsWz)
  1741 | D:3      | Slain by Melum's ghost

Skill      XL: |  1  2  3  4 |
---------------+-------------+-----
Armour         | 1 2 |  2.2
Fighting       | 3 |  3.6
Dodging        | 3 |  3.2
Maces & Flails | |  3.7
Throwing       | |  1.7

Action                   |  1- 3 |  4- 6 || total
-------------------------+-------+-------++-------
Melee: Flail             |   129 |    74 ||   203
  Use: Scroll            |     4 |       ||     4
  Eat: Chunk             |     2 |     1 ||     3
Armor: Leather armour    |    62 |       ||    62
       Ring mail         |    10 |    69 ||    79
Dodge: Dodged            |   102 |   130 ||   232
